 Dungeon Crawl Stone Soup version 0.24-a0-280-g7cec4da (webtiles) character file.

Game seed: 14833361254025949294

1745 HallandMoats the Skirmisher (level 8, -9/65 HPs)
             Began as a Demonspawn Fighter on May 8, 2019.
             Was a Believer of Wu Jian.
             Killed by divine providence
             ... invoked by an orc priest
              (14 damage)
             ... on level 8 of the Dungeon.
             The game lasted 00:09:21 (5399 turns).

HallandMoats the Skirmisher (Demonspawn Fighter)    Turns: 5399, Time: 00:09:21

Health: -9/65      AC: 17    Str: 18    XL:     8   Next: 77%
Magic:  8/8        EV: 11    Int: 10    God:    Wu Jian [**....]
Gold:   378        SH: 10    Dex: 22    Spells: 7/7 levels left

rFire    . . .     SeeInvis .   b - +2 dagger (flame)
rCold    . . .     Gourm    .   c - +0 shield
rNeg     . . .     Faith    .   D - +1 scale mail {rPois}
rPois    +         Spirit   .   (no helmet)
rElec    .         Reflect  .   j - +0 cloak
rCorr    .         Harm     .   s - +0 pair of gloves
MR       .....                  (no boots)
Stlth    ..........             w - amulet of rage
HPRegen  0.20/turn              v - +6 ring of dexterity
MPRegen  0.11/turn              r - +3 ring of dexterity

@: sanguine armour
A: talons 2, spiny 2, sanguine armour 1
a: Wall Jump, Renounce Religion, Evoke Berserk Rage


You were on level 8 of the Dungeon.
You worshipped Wu Jian.
Wu Jian was pleased with you.
You were hungry.

You visited 1 branch of the dungeon, and saw 8 of its levels.

You collected 378 gold pieces.

Inventory:

Hand Weapons
 a - a +0 war axe
 b - a +2 dagger of flaming (weapon)
Armour
 c - a +0 shield (worn)
 j - a +0 cloak (worn)
 s - a +0 pair of gloves (worn)
 D - a +1 scale mail of poison resistance (worn)
Jewellery
 e - an uncursed ring of wizardry
 q - an uncursed ring of protection from magic
 r - a +3 ring of dexterity (right hand)
 v - a +6 ring of dexterity (left hand)
 w - an amulet of rage (around neck)
Wands
 z - a wand of random effects (22)
 C - a wand of polymorph (10)
Scrolls
 d - a scroll of immolation {unknown}
 h - a scroll of amnesia {unknown}
 i - 10 scrolls of remove curse {unknown}
 n - a scroll of fear {unknown}
 o - 3 scrolls of magic mapping {unknown}
 p - 3 scrolls of blinking {unknown}
 u - 4 scrolls of teleportation {unknown}
 y - a scroll of noise {unknown}
 H - a scroll of holy word {unknown}
 I - a scroll of vulnerability {unknown}
Potions
 g - a potion of ambrosia
 k - 2 potions of heal wounds
 l - 3 potions of brilliance
 m - a potion of cancellation
 t - a potion of haste
 x - 3 potions of agility
 A - 3 potions of berserk rage
 B - 3 potions of curing
 E - a potion of invisibility {unknown}
 G - 2 potions of mutation {unknown}
Comestibles
 f - 20 rations
 F - a chunk of flesh


   Skills:
 + Level 6.4 Fighting
 + Level 5.4 Axes
 + Level 5.8 Armour
 + Level 4.9 Dodging
 - Level 2.6 Shields


You had 7 spell levels left.
You didn't know any spells.
Your spell library was empty.

Dungeon Overview and Level Annotations

Branches:
Dungeon (8/15)             Temple (0/1) D:4
   Lair: D:8-11

Altars:
Ashenzari
Cheibriados
Elyvilon
Gozag
Sif Muna
Vehumet
Wu Jian


Innate Abilities, Weirdness & Mutations

You have razor-sharp toenails.
You are mostly covered in sharp spines.
When seriously injured, your bleeding wounds create armour. (AC +6)


Message History

The orc is struck by your spines.
You kill the orc!
The Council accepts your kill.
The orc priest mumbles some strange prayers to Beogh against you.
Beogh smites you!
* * * LOW HITPOINT WARNING * * *
Items here: )) [[ † a +0 leather armour; a +1 short sword of protection; a +0 dire flail a +0 plate armour; an orc corpse You spin and attack the orc priest.
You hit the orc priest. You burn the orc priest. You claw the orc priest!
The orc priest is heavily wounded.
The orc priest invokes the aid of Beogh against you.
Pain shoots through your body!
* * * LOW HITPOINT WARNING * * *
You hit the orc priest. You burn the orc priest. You claw the orc priest.
The orc priest is almost dead.
The orc priest invokes the aid of Beogh against you.
Beogh smites you!
You die...

##... #.... ##
####.... ..
......##.# #
#.......####
.#.#...........
...........#
......o@#
##.#.##[# #
#.##.##.#
#....)..#
####.####
###.### #.....#
#.....# #.....#


You could see an orc priest (pinned).

Vanquished Creatures
  A spriggan (D:7)
  Menkaure (D:6)
  An orc warrior (D:8)
  An ogre (D:7)
  A sky beast (D:7)
  An ice beast (D:7)
  3 centaurs
  A crocodile (D:7)
  Blork the orc (D:5)
  A scorpion (D:7)
  2 crimson imps
  A bullfrog skeleton (D:6)
  4 hounds
  Crazy Yiuf (D:2)
  3 orc wizards
  An iguana (D:5)
  4 worker ants
  4 gnolls (D:5)
  A howler monkey skeleton (D:7)
  9 adders
  2 worms
  3 dart slugs
  10 leopard geckos
  17 orcs
  4 bats
  7 giant cockroaches
  6 goblins
  6 hobgoblins
  10 jackals
  7 kobolds
  2 quokkas
  4 ball pythons
  5 frilled lizards
  A giant cockroach zombie (D:5)
  A leopard gecko skeleton (D:4)
  A leopard gecko zombie (D:7)
  A quokka skeleton (D:5)
  4 rats (D:2)
133 creatures vanquished.

Notes
Turn   | Place    | Note
-------+----------+-------------------------------------------
     0 | D:1      | HallandMoats the Demonspawn Fighter began the quest for the
                  | Orb.
     0 | D:1      | Reached XP level 1. HP: 18/18 MP: 1/1
   368 | D:1      | Gained mutation: You have sharp toenails. [demonic
                  | ancestry]
   368 | D:1      | Reached XP level 2. HP: 24/24 MP: 2/2
   801 | D:2      | Reached skill level 1 in Dodging
   973 | D:2      | Gained mutation: You are partially covered in sharp spines.
                  | [demonic ancestry]
   973 | D:2      | Reached XP level 3. HP: 29/29 MP: 3/3
  1141 | D:2      | Found a faded altar of an unknown god.
  1234 | D:2      | Found an opulent altar of Gozag.
  1238 | D:2      | Found a shattered altar of Ashenzari.
  1243 | D:2      | Found a white marble altar of Elyvilon.
  1406 | D:2      | Found a runed translucent door.
  1407 | D:2      | Noticed Crazy Yiuf
  1564 | D:2      | Killed Crazy Yiuf
  1564 | D:2      | Gained mutation: You are mostly covered in sharp spines.
                  | [demonic ancestry]
  1564 | D:2      | Reached XP level 4. HP: 25/36 MP: 4/4
  2261 | D:3      | Gained mutation: When seriously injured, your bleeding
                  | wounds create armour. (AC +6) [demonic ancestry]
  2261 | D:3      | Reached XP level 5. HP: 42/42 MP: 5/5
  2346 | D:2      | Became a worshipper of the Wu Jian Council
  2346 | D:2      | Reached * piety under Wu Jian
  2519 | D:4      | Reached skill level 4 in Fighting
  2535 | D:4      | Found a staircase to the Ecumenical Temple.
  2644 | D:4      | You fall through a shaft for 2 floors!
  2888 | D:5      | Entered Level 5 of the Dungeon
  2921 | D:5      | Gained mutation: You have razor-sharp toenails. [demonic
                  | ancestry]
  2921 | D:5      | Reached XP level 6. HP: 41/48 MP: 6/6
  3057 | D:5      | Noticed Blork the orc
  3090 | D:5      | Killed Blork the orc
  3252 | D:5      | Found a radiant altar of Vehumet.
  3278 | D:5      | Reached XP level 7. HP: 46/55 MP: 7/7
  3302 | D:5      | Reached ** piety under Wu Jian
  3623 | D:4      | Found a snail-covered altar of Cheibriados.
  4206 | D:6      | Reached skill level 5 in Fighting
  4339 | D:6      | Found a snail-covered altar of Cheibriados.
  4358 | D:6      | Noticed Menkaure
  4368 | D:6      | Killed Menkaure
  4808 | D:7      | Found a deep blue altar of Sif Muna.
  4830 | D:7      | Reached skill level 5 in Armour
  4870 | D:7      | Reached XP level 8. HP: 63/63 MP: 8/8
  5119 | D:7      | Reached skill level 5 in Axes
  5189 | D:7      | Reached skill level 6 in Fighting
  5399 | D:8      | Killed from afar by an orc priest

Levels and vault maps discovered:
D:1:      dpeg_arrival_fog, layout_rooms
D:2:      layout_loops_ring, minitemple, first_ration,
          chequers_ecumenical_altar_lobes, hex_medium,
          chequers_serial_rivers_micro_b, uniq_crazy_yiuf_cottage
D:3:      minmay_skewed_foursquare, layout_basic
D:4:      layout_loops_ring, minmay_temple_entry_junction, cheibriados_altar_1
D:5:      layout_basic, vehumet_crystals, serial_glass, glass_columns_a,
          glass_columns_a, kennysheep_generic_room_11, uniq_blork_the_orc
D:6:      layout_loops_corners, nicolae_overflow_hidden_temple, uniq_menkaure
D:7:      layout_gridville, basic_altar, the_bakery
D:8:      layout_loops_cross, basic_altar, uniq_psyche

Skill      XL: |  1  2  3  4  5  6  7  8 |
---------------+-------------------------+-----
Axes           | 2 3 4 5 |  5.4
Armour         | 3 4 5 |  5.8
Dodging        | 1 2 3 4 |  4.9
Fighting       | 4 5 6 |  6.4
Shields        | |  2.6

Action                   |  1- 3 |  4- 6 |  7- 9 || total
-------------------------+-------+-------+-------++-------
Melee: Dagger            |   110 |   113 |   168 ||   391
       War axe           |     2 |       |       ||     2
       Kick              |    14 |    42 |    79 ||   135
Invok: Whirlwind         |       |    17 |    59 ||    76
       Lunge             |       |     9 |    13 ||    22
  Use: Potion            |     1 |       |       ||     1
       Scroll            |       |       |     9 ||     9
  Eat: Chunk             |     2 |     6 |     6 ||    14
Armor: Scale mail        |    44 |    32 |    34 ||   110
Dodge: Dodged            |    24 |    28 |    55 ||   107
Block: Shield            |    51 |    56 |    67 ||   174

Table legend:
 A = Non-vault XP
 B = Vault XP
 C = Vault XP percentage of total XP
 D = Non-vault monster count
 E = Vault monster count
 F = Vault count percentage of total count
                 A         B        C        D         E       F
            +---------+---------+-------+---------+---------+-------
      Total |    1987 |     507 |  20.3 |     125 |       8 |   6.0
            +---------+---------+-------+---------+---------+-------
        D:1 |      25 |       0 |   0.0 |      13 |       0 |   0.0
        D:2 |      68 |      41 |  37.6 |      24 |       1 |   4.0
        D:3 |      60 |       9 |  13.0 |      24 |       3 |  11.1
        D:4 |     117 |       0 |   0.0 |      13 |       0 |   0.0
        D:5 |     354 |      95 |  21.2 |      17 |       2 |  10.5
        D:6 |     225 |     157 |  41.1 |       9 |       1 |  10.0
        D:7 |     993 |     205 |  17.1 |      21 |       1 |   4.5
        D:8 |     145 |       0 |   0.0 |       4 |       0 |   0.0
            +---------+---------+-------+---------+---------+-------
